 Dungeon Crawl Stone Soup version 0.21.1-1-g345015f (webtiles) character file.

58 shakethe the Chopper (level 3, -4/28 HPs)
             Began as a Demonspawn Gladiator on Feb 25, 2018.
             Splashed by a jelly's acid (7 damage)
             ... on level 2 of the Dungeon.
             The game lasted 00:01:46 (1269 turns).

shakethe the Chopper (Demonspawn Gladiator)         Turns: 1269, Time: 00:01:48

Health: -4/28      AC:  0    Str: 14    XL:     3   Next: 76%
Magic:  3/3        EV: 12    Int: 10    God:
Gold:   37         SH:  0    Dex: 14    Spells: 2/2 levels left

rFire    . . .     SeeInvis .   a - +0 war axe
rCold    . . .     Gourm    .   (no shield)
rNeg     . . .     Faith    .   b - +0 leather armour
rPois    .         Spirit   .   c - +0 helmet
rElec    .         Reflect  .   (no cloak)
rCorr    .         Harm     .   (no gloves)
MR       .....                  (no boots)
Stlth    +.........             (no amulet)
HPRegen  0.09/turn              (no ring)
MPRegen  0.08/turn              (no ring)

@: corroded
A: powered by death 1
a: no special abilities


You were on level 2 of the Dungeon.
You were very hungry.

You visited 1 branch of the dungeon, and saw 2 of its levels.

You collected 37 gold pieces.

Inventory:

Hand Weapons
 a - a +0 war axe (weapon)
Missiles
 d - 2 throwing nets (quivered) {=f, !d}
 j - 5 stones
Armour
 b - a +0 leather armour (worn)
 c - a +0 helmet (worn)
 i - a +0 pair of boots
   (You found it on level 2 of the Dungeon)
Scrolls
 e - 2 scrolls of teleportation {unknown}
 g - 2 scrolls of identify {unknown}
 k - 2 scrolls of remove curse {unknown}
 l - a scroll of fog {unknown}
Potions
 h - a potion of lignification {unknown}
Comestibles
 f - 3 rations


   Skills:
 + Level 2.9 Fighting
 * Level 3.8 Axes
 - Level 1.7 Throwing
 - Level 2.6 Dodging


You had 2 spell levels left.
You didn't know any spells.

Dungeon Overview and Level Annotations

Branches:
Dungeon (2/15)

Altars:
Nemelex Xobeh


Innate Abilities, Weirdness & Mutations

You regenerate a little health from kills.


Message History

You take 3 damage, and have 14/28 hp.
Aim: an adder
Okay, then.
Aim: an adder You throw a throwing net {=f, !d}.
The throwing net {=f, !d} closely misses the adder.
The adder bites you but does no damage. The adder bites you.
You take 5 damage, and have 9/28 hp.
Aim: an adder You throw a throwing net {=f, !d}.
The throwing net {=f, !d} hits the adder.
The adder is caught in the net!
The adder struggles against the net.
You hit the adder.
You feel sick.
The adder struggles against the net. x2
You take 1 damage, and have 8/28 hp.
You hit the adder.
The adder struggles against the net.
The net rips apart, and the adder comes free!
Aim: an adder (severely wounded)
You throw a throwing net {=f, !d}.
The throwing net {=f, !d} barely misses the adder.
The adder bites you.
* * * LOW HITPOINT WARNING * * *
You take 1 damage, and have 7/28 hp.
Aim: an adder (severely wounded)
You throw a stone. The stone barely misses the adder.
The adder bites you.
* * * LOW HITPOINT WARNING * * *
The adder misses you.
You take 3 damage, and have 4/28 hp.
You hit the adder.
You kill the adder!
You feel sick.
You are no longer poisoned.
j - 5 stones (gained 1);
d - 2 throwing nets {=f, !d} You see here an adder corpse.
k - 2 scrolls labeled EDI NIHAZI (gained 1)
You start resting.
You are feeling hungry.
You regained 6 hp, and now have 11/28 hp.
You start resting.
You are feeling very hungry.
You regained 16 hp, and now have 27/28 hp.
Health restored: 28 You see here an adder skeleton.
There isn't anything to butcher here.
Okay, then.
A kobold comes into view. It is wielding a short sword.
A goblin comes into view. It is wielding a club.
The goblin shouts!
The kobold hits you with a short sword.
The goblin moves out of view.
You take 2 damage, and have 26/28 hp.
You hit the kobold.
You kill the kobold!
Health restored: 28 A giant cockroach comes into view.
The goblin hits you but does no damage.
A gnoll comes into view. It is wielding a whip.
You closely miss the goblin. The goblin hits you but does no damage.
The giant cockroach bites you but does no damage.
You closely miss the goblin. You hit the giant cockroach.
You kill the giant cockroach!
The goblin barely misses you. The goblin misses you.
A hobgoblin comes into view. It is wielding a club.
You barely miss the goblin. The goblin barely misses you.
You barely miss the gnoll.
The hobgoblin shouts!
You slash the goblin!
You kill the goblin!
The gnoll barely misses you. The gnoll hits you with a whip.
A kobold comes into view.
You take 1 damage, and have 27/28 hp.
The kobold shouts!
You hit the gnoll.
The kobold moves out of view.
The gnoll misses you.
You hit the gnoll. The gnoll closely misses you.
Health restored: 28 You hit the gnoll.
You hit the hobgoblin. The gnoll misses you.
The hobgoblin hits you with a club. The gnoll closely misses you.
You take 3 damage, and have 25/28 hp.
You slash the gnoll!
You kill the gnoll!
You slash the hobgoblin!
You kill the hobgoblin!
You slash the kobold!
You kill the kobold!
l - a scroll labeled LIL REODAGEPN
Items here: )) [ †† a ring mail; a club x2; a hobgoblin corpse; a goblin corpse Health restored: 28 A jelly comes into view.
The jelly quivers.
You hit the jelly.
Your hands burn!
The jelly barely misses you.
You take 3 damage, and have 25/28 hp.
You hit the jelly.
Your hands burn!
The jelly hits you. The acid corrodes you!
You are splashed with acid!
The acid burns!
You take 15 damage, and have 10/28 hp.
MASSIVE DAMAGE!!
You hit the jelly.
Your hands burn!
* * * LOW HITPOINT WARNING * * *
The jelly hits you.
* * * LOW HITPOINT WARNING * * *
You are splashed with acid!
The acid burns!
You die...

##.## ##....##. # #.÷#
###### #....# .# # #.##
##....## ##...##.# #
#.#..#..[!..# #..###.# #
#.#..#......# #..###.####
#.#..#.%..[.# #....#.##..
#.#..#..?(..# .#.)#.#.##..
#.##.##.J...#.##..#.#.##..
#..#..###@....#...#....#..
##.##...[....##...###..+..
#....).)..###..#.####.#.)
##......### .............
###...........######.###
#.(.......## #)# #########
#.# #.# #.#


You could see a jelly.

Vanquished Creatures
  A gnoll (D:2)
  An adder (D:2)
  A worm (D:2)
  2 dart slugs (D:1)
  A leopard gecko (D:2)
  A giant cockroach (D:2)
  5 goblins
  3 hobgoblins (D:2)
  6 kobolds (D:2)
  3 bats
  3 frilled lizards
  6 rats (D:1)
33 creatures vanquished.

Notes
Turn   | Place    | Note
-------+----------+-------------------------------------------
     0 | D:1      | shakethe the Demonspawn Gladiator began the quest for the Orb.
     0 | D:1      | Reached XP level 1. HP: 16/16 MP: 1/1
    62 | D:1      | Reached skill level 3 in Axes
   204 | D:1      | Gained mutation: You regenerate a little health from kills. [demonic ancestry]
   204 | D:1      | Reached XP level 2. HP: 17/22 MP: 2/2
   886 | D:2      | Found a sparkling altar of Nemelex Xobeh.
   927 | D:2      | Reached XP level 3. HP: 28/28 MP: 3/3
   967 | D:2      | HP: 7/28 [adder (1)]
  1269 | D:2      | HP: 5/28 [acid (5)]
  1269 | D:2      | Splashed by a jelly's acid

Skill      XL: |  1 |
---------------+----+-----
Axes           | 3 |  3.8
Fighting       | |  2.9
Throwing       | |  1.7
Dodging        | |  2.6

Action                   || total
-------------------------++-------
Melee: War axe           ||    76
Throw: Throwing net      ||     3
       Stone             ||     1
 Stab: Sleeping          ||     2
Armor: Leather armour    ||    17
Dodge: Dodged            ||    55

Vault maps used:
D:1:      scummos_arrival_simple_fountains
D:2:      nemelex_xobeh_ov_fountains_minmay, minmay_randomly_rotated_circles

Table legend:
 A = Turns spent in this place as a percentage of turns spent in the entire game.
 B = Non-inter-level travel turns spent in this place as a percentage of non-inter-level travel turns spent in the entire game.
 C = Inter-level travel turns spent in this place as a percentage of turns spent in this place.
 D = Turns resting spent in this place as a percentage of non-inter-level travel turns spent in this place.
 E = Turns spent auto-exploring this place as a percentage of non-inter-level travel turns spent in this place.
 F = Non-inter-level travel turns spent in this place divided by the number of levels of this place that you've seen.
                   A       B       C       D       E      F
               +-------+-------+-------+-------+-------+----------------------
         Total | 100.0 | 100.0 |   2.2 |  19.9 |  63.1 | 620.5
       Dungeon | 100.0 | 100.0 |   2.2 |  19.9 |  63.1 | 620.5
               +-------+-------+-------+-------+-------+----------------------

Table legend:
 A = Kills in this place as a percentage of kills in entire the game.
 B = Kills by you in this place as a percentage of kills by you in the entire game.
 C = Kills by friends in this place as a percentage of kills by friends in the entire game.
 D = Other kills in this place as a percentage of other kills in the entire game.
 E = Experience gained in this place as a percentage of experience gained in the entire game.
 F = Experience gained in this place divided by the number of levels of this place that you have seen.
                   A       B       C       D       E      F
               +-------+-------+-------+-------+-------+----------------------
         Total | 100.0 | 100.0 |   N/A |   N/A | 100.0 |  42.0
       Dungeon | 100.0 | 100.0 |   N/A |   N/A | 100.0 |  42.0
               +-------+-------+-------+-------+-------+----------------------
